 Dungeon Sprint DCSS version 0.18.1-48-g4cf74bf (webtiles) character file.

294 Joat the Martial Artist (level 6, -2/52 HPs)
             Began as a Vine Stalker Monk on Aug 17, 2016.
             Slain by a yak (6 damage)
             ... in the Dungeon (Sprint I: "Red Sonja").
             The game lasted 00:02:41 (153 turns).

Joat the Martial Artist (Vine Stalker Monk)          Turns: 153, Time: 00:02:41

Health: -2/52      AC:  2    Str: 20    XL:     6   Next: 34%
Magic:  0/7        EV: 15    Int: 10    God:
Gold:   297        SH:  0    Dex: 17    Spells: 0 memorised, 5 levels left

rFire  . . .     SeeInvis .       - Unarmed
rCold  . . .     Gourm    .     a - +0 robe
rNeg   . . .     Faith    .     (no shield)
rPois  .         Spirit   +     (no helmet)
rElec  .         Dismiss  .     (no cloak)
rCorr  .         Reflect  .     (no gloves)
SustAt .         Harm     .     (no boots)
MR     .....     NoTele   +     (no amulet)
Stlth  ..........               (no ring)
                                (no ring)

@: berserking, very quick, not resistant to hostile enchantments, extremely
unstealthy
A: fangs 2, regeneration 2, magic shield, antimagic bite, no device heal 3, rot
immunity
a: no special abilities


You were in the Dungeon.
You were not hungry.

You visited 1 branch You collected 297 gold pieces.

Inventory:

Armour
 a - a +0 robe (worn)
 j - a +0 leather armour
Scrolls
 h - a scroll of blinking
Potions
 c - a potion of curing
 d - a potion of heal wounds
 e - a potion of haste
 f - 3 potions of magic
 k - a potion of degeneration {unknown}
Comestibles
 b - a bread ration
 i - 8 chunks of flesh


   Skills:
 + Level 5.4 Fighting
 + Level 4.9 Dodging
 - Level 2.4 Stealth
 + Level 11.1 Unarmed Combat


You had 5 spell levels left.
You didn't know any spells.

Dungeon Overview and Level Annotations

Branches:
Dungeon (1/1)

Altars:
Elyvilon
Gozag
Kikubaaqudgha
Makhleb
Nemelex Xobeh
Okawaru
Pakellas
Qazlal
Ru
Sif Muna
Vehumet
Xom
Yredelemnul
Zin
The Shining One

Shops:
D [


Innate Abilities, Weirdness & Mutations

You have extremely sharp teeth.
You heal very quickly.
When hurt, damage is shared between your health and your magic reserves.
Your bite disrupts and absorbs the magic of your enemies.
Potions and wands cannot restore your health.
You are immune to rotting.


Message History

The yak gores you!
Found an iron altar of Okawaru.
There is an open door, spattered with blood here.
You hit the yak.
The yak is lightly wounded.
The yak gores you!
You hit the yak.
The yak is lightly wounded.
The yak gores you.
You hit the yak. You bite the yak, but do no damage.
The yak is lightly wounded.
The yak gores you.
You hit the yak but do no damage.
The yak is lightly wounded.
The yak gores you!
* * * LOW HITPOINT WARNING * * *
Drink which item? (? for menu, Esc to quit)
A red film seems to cover your vision as you go berserk!
You feel yourself moving faster!
You feel mighty! The yak gores you.
You die...

################
#<.#..'..#.)'..#
#..').#.)'..#..+
#..#####'#####'#
#..# #..#...#.#
#..#__####..##(#
#..#_.___##'#..+
#⌠⌠#_.∩..Y@..._#
####_..._##_.#+#
#____ ##+# ####


You could see a yak.

Vanquished Creatures
  Sigmund (D)
  An ogre (D)
  A jelly (D)
  Ijyb (D)
4 creatures vanquished.

Notes
Turn   | Place    | Note
--------------------------------------------------------------
     0 | D        | Joat the Vine Stalker Monk began the quest for the Orb.
     0 | D        | Reached XP level 1. HP: 11/11 MP: 2/2
     1 | D        | Noticed Ijyb
    17 | D        | Killed Ijyb
    17 | D        | Reached skill level 6 in Unarmed Combat
    17 | D        | Reached XP level 2. HP: 12/16 MP: 0/3
    44 | D        | Noticed an ogre
    52 | D        | Killed an ogre
    52 | D        | Reached skill level 10 in Unarmed Combat
    52 | D        | Reached XP level 3. HP: 10/19 MP: 4/4
    52 | D        | Reached XP level 4. HP: 13/23 MP: 5/5
    89 | D        | Noticed Sigmund
    99 | D        | Killed Sigmund
    99 | D        | Reached skill level 5 in Fighting
    99 | D        | Reached skill level 11 in Unarmed Combat
    99 | D        | Reached XP level 5. HP: 30/30 MP: 6/6
    99 | D        | Gained mutation: You heal very quickly. [Vine Stalker growth]
    99 | D        | Reached XP level 6. HP: 35/35 MP: 7/7
   115 | D        | Found a deep blue altar of Sif Muna.
   117 | D        | Found a radiant altar of Vehumet.
   147 | D        | Found Hyloo's Antique Armour Emporium.
   147 | D        | Found a white marble altar of Elyvilon.
   147 | D        | Found a stormy altar of Qazlal.
   147 | D        | Found a burning altar of Makhleb.
   147 | D        | Found a sacrificial altar of Ru.
   147 | D        | Found an oddly glowing altar of Pakellas.
   147 | D        | Found a basalt altar of Yredelemnul.
   147 | D        | Found a glowing golden altar of the Shining One.
   147 | D        | Found a sparkling altar of Nemelex Xobeh.
   147 | D        | Found a shimmering altar of Xom.
   147 | D        | Found an opulent altar of Gozag.
   147 | D        | Found an ancient bone altar of Kikubaaqudgha.
   147 | D        | Found a glowing silver altar of Zin.
   147 | D        | Noticed a yak
   148 | D        | Found an iron altar of Okawaru.
   153 | D        | Slain by a yak

Skill      XL: |  1  2  3  4 |
---------------+-------------+-----
Unarmed Combat | 6 10 11 | 11.1
Fighting       | 5 |  5.4
Dodging        | 4 |  4.9
Stealth        | |  2.4

Action                   |  1- 3 |  4- 6 || total
-------------------------+-------+-------++-------
Melee: Unarmed           |    21 |    15 ||    36
       Bite              |     5 |     7 ||    12
       Punch             |     1 |     1 ||     2
  Use: Potion            |       |     1 ||     1
 Stab: Sleeping          |     1 |       ||     1
Armor: Robe              |     1 |       ||     1
Dodge: Dodged            |    10 |     6 ||    16
